 Dungeon Crawl Stone Soup version 0.28-a0-476-g0f06bd746f (webtiles) character file.

Game seed: 6333194908207258319

96 Squid the Skirmisher (level 4, -3/41 HPs)
             Began as a Hill Orc Berserker on Sept 15, 2021.
             Was a Believer of Trog.
             Killed from afar by a white imp (7 damage)
             ... with a puff of frost
             ... summoned by Natasha
             ... on level 2 of the Dungeon on Sept 16, 2021.
             The game lasted 00:06:27 (2690 turns).

Squid the Skirmisher (Hill Orc Berserker)           Turns: 2690, Time: 00:06:30

Health: -3/41      AC:  6    Str: 20    XL:     4   Next: 67%
Magic:  4/4        EV: 10    Int:  7    God:    Trog [**....]
Gold:   131        SH:  0    Dex: 10    Spells: 3/3 levels left

rFire   . . .      SeeInvis .   a - +0 falchion (freeze)
rCold   . . .      Faith    .   (no shield)
rNeg    . . .      Spirit   .   f - +0 scale mail
rPois   .          Reflect  .   (no helmet)
rElec   .          Harm     .   (no cloak)
rCorr   .          Rampage  .   (no gloves)
Will    .....                   (no boots)
Stlth   ..........              (no amulet)
HPRegen 0.13/turn               (no ring)
MPRegen 0.09/turn               (no ring)

@: on berserk cooldown, slowed, very slow
A: no striking features
a: Renounce Religion, Berserk, Trog's Hand


You were on level 2 of the Dungeon.
You worshipped Trog.
Trog was pleased with you.
You visited 1 branch of the dungeon, and saw 2 of its levels.

You collected 131 gold pieces.

Inventory:

Hand Weapons
 a - a +0 falchion of freezing (weapon)
Armour
 f - a +0 scale mail (worn)
Scrolls
 c - a scroll of teleportation
Potions
 b - a potion of flight
 e - a potion of attraction
 g - a potion of might


   Skills:
 + Level 4.6 Fighting
 + Level 4.6 Long Blades
 + Level 2.9 Armour
 - Level 1.7 Dodging


You had 3 spell levels left.
You didn't know any spells.
Your spell library was empty.

Dungeon Overview and Level Annotations

Branches:
Dungeon (2/15)

Altars:

Annotations:
D:2 Natasha


Message History

Natasha stares at you and mumbles some strange words.
You resist with almost no effort. The white imp hits you.
The white imp freezes you. Natasha claws you! The white imp gestures at you.
The puff of frost misses you.
The puff of frost hits Natasha!
You feel a strong urge to attack something.
The crimson imp barely misses you. Natasha closely misses you.
The white imp gestures at you. The puff of frost hits you.
You slash the crimson imp! You freeze the crimson imp.
The crimson imp is severely wounded.
The crimson imp hits you but does no damage.
Natasha claws you but does no damage.
The white imp shouts, "Slither away, thou feeble hasty-witted foot-licker!"
The white imp closely misses you.
You miss the crimson imp.
The crimson imp is heavily wounded.
You are no longer berserk.
You are exhausted.
You feel as though you will be slow longer.
Your skin stops crawling.
You feel less strong-willed. The crimson imp closely misses you.
Natasha drinks a potion.
Natasha is healed!
The white imp hits you but does no damage.
You closely miss the crimson imp.
The crimson imp is heavily wounded.
The crimson imp disappears in a puff of smoke!
Natasha closely misses you. The white imp completely misses you.
Natasha claws you. The white imp barely misses you.
The white imp gestures at you. The puff of frost hits you.
* * * LOW HITPOINT WARNING * * *
You barely miss the white imp.
Natasha mumbles some strange words.
The white imp gestures at you. The puff of frost hits you!
* * * LOW HITPOINT WARNING * * *
Natasha closely misses you. The white imp gestures at you.
The puff of frost hits you!
You die...

#.#########.###...#.###......#
###.##..^...#..##...#.###......#
.....(......).......'.........>#
....##......#...#...##.........#
######......#...#...##.........#
########...######.........#
#....#####.........#
#...5##......##...##
####@h.......##...#
#5.......####### #........#
##..####.# ##### ##.#....# ...[#
#.#....# .<..# ###.#....# ....#
#........# ....# #......#.#


You could see Natasha, a crimson imp (summoned) and a white imp (summoned).

Vanquished Creatures
  Natasha (twice) (D:2)
  An adder (D:2)
  4 ball pythons
  7 endoplasms
  3 goblins
  3 hobgoblins
  3 jackals (D:2)
  2 kobolds
  A quokka (D:2)
  A bat (D:2)
  2 frilled lizards (D:2)
  6 rats
35 creatures vanquished.

Notes
Turn   | Place    | Note
-------+----------+-------------------------------------------
     0 | D:1      | Squid the Hill Orc Berserker began the quest for the Orb.
     0 | D:1      | Reached XP level 1. HP: 19/19 MP: 1/1
    38 | D:1      | Upgraded the game from 0.28-a0-474-g535839065c to
                  | 0.28-a0-476-g0f06bd746f
   237 | D:1      | Reached XP level 2. HP: 6/27 MP: 2/2
  1155 | D:2      | Noticed Natasha
  1165 | D:2      | Killed Natasha
  1166 | D:2      | Reached XP level 3. HP: 33/33 MP: 3/3
  1319 | D:2      | Noticed Natasha
  1328 | D:2      | Killed Natasha
  1329 | D:2      | Reached XP level 4. HP: 31/41 MP: 4/4
  1642 | D:2      | Reached ** piety under Trog
  1807 | D:2      | Found a faded altar of an unknown god.
  2671 | D:2      | Noticed Natasha
  2690 | D:2      | Killed from afar by a white imp

Illustrated notes

Levels and vault maps discovered:
D:1:      amcnicky_arrival_choice, layout_basic
D:2:      layout_basic, ebering_ecumenical_altar_box, interstate_on_off,
          uniq_jessica, uniq_natasha

Skill      XL: |  1  2 |
---------------+-------+-----
Fighting       | 4 |  4.6
Long Blades    | 4 |  4.6
Armour         | |  2.9
Dodging        | |  1.7

Action                   |  1- 3 |  4- 6 || total
-------------------------+-------+-------++-------
Melee: Falchion          |    71 |    51 ||   122
Invok: Berserk           |     2 |     1 ||     3
       Trog's Hand       |       |     1 ||     1
  Use: Scroll            |     3 |       ||     3
       Potion            |       |     5 ||     5
Armor: Ring mail         |    12 |       ||    12
       Animal skin       |     1 |       ||     1
       Scale mail        |    21 |    24 ||    45
Dodge: Dodged            |    51 |    34 ||    85

Table legend: (Time is in decaauts)
 A = Elapsed time spent in this place.
 B = Non-inter-level travel time spent in this place.
 C = Inter-level travel time spent in this place.
 D = Time resting spent in this place.
 E = Time spent auto-exploring this place.
 F = Levels seen in this place.
 G = Mean time per level.
                   A        B        C        D        E       F      G
               +--------+--------+--------+--------+--------+-----+--------+
         Total |   2730 |   2709 |     21 |    884 |   1279 |   2 | 1365.0 |
       Dungeon |   2730 |   2709 |     21 |    884 |   1279 |   2 | 1365.0 |
               +--------+--------+--------+--------+--------+-----+--------+

Top non-repeatable levels by time:
     D:2: 1543 daAuts
     D:1: 1186 daAuts
